 Dungeon Crawl Stone Soup version 0.26.0-45-g9c1d065592 (webtiles) character file.

Game seed: 5692805599293454807

28 jlumianski the Skirmisher (level 2, -4/27 HPs)
             Began as a Palentonga Fighter on Jan 30, 2021.
             Killed from afar by Natasha (9 damage)
             ... with a magic dart
             ... on level 2 of the Dungeon.
             The game lasted 00:03:54 (667 turns).

jlumianski the Skirmisher (Palentonga Fighter)       Turns: 667, Time: 00:03:56

Health: -4/27      AC:  6    Str: 19    XL:     2   Next: 96%
Magic:  2/2        EV:  5    Int:  8    God:
Gold:   26         SH:  8    Dex:  9    Spells: 1/1 levels left

rFire    . . .     SeeInvis +   a - +0 war axe
rCold    . . .     Faith    .   c - +0 kite shield
rNeg     . . .     Spirit   .   b - +0 scale mail
rPois    .         Reflect  .   (no helmet)
rElec    .         Harm     .   (no cloak)
rCorr    .         Rampage  .   (no gloves)
Will     .....                  (no barding)
Stlth    ..........             (no amulet)
HPRegen  0.09/turn              (no ring)
MPRegen  0.08/turn              (no ring)

@: flying, slowed, very slow
A: large, rugged brown scales 3, see invisible, deformed body, roll 1, armoured
tail
a: Rolling Charge


You were on level 2 of the Dungeon.
You visited 1 branch of the dungeon, and saw 2 of its levels.

You collected 26 gold pieces.

Inventory:

Hand Weapons
 a - a +0 war axe (weapon)
Missiles
 f - 4 curare-tipped darts
 i - 23 stones
Armour
 b - a +0 scale mail (worn)
 c - a +0 kite shield (worn)
Scrolls
 g - a scroll of immolation
 h - a scroll of identify
 j - 2 scrolls of enchant weapon
Potions
 d - a potion of might


   Skills:
 + Level 3.2 Fighting
 + Level 2.5 Axes
 + Level 2.6 Armour
 + Level 0.1 Dodging
 + Level 2.6 Shields


You had one spell level left.
You didn't know any spells.
Your spell library was empty.

Dungeon Overview and Level Annotations

Branches:
Dungeon (2/15)

Altars:

Annotations:
D:2 Natasha


Innate Abilities, Weirdness & Mutations

You are completely covered in rugged brown scales. (AC +3, +7% HP)
You have supernaturally acute eyesight. (SInv)
Armour fits poorly on your strangely shaped body.
You can roll at nearby foes to attack.
You have a long armoured tail.


Message History

* * * LOW HITPOINT WARNING * * *
As you read the scroll labelled IDUTYEDOPE, it crumbles to dust.
It is a scroll of identify.
j - 2 scrolls of enchant weapon Natasha claws you.
* * * LOW HITPOINT WARNING * * *
You block the leopard gecko's attack. Natasha claws you but does no damage.
It was a potion of flight.
You feel very buoyant.
You fly up into the air.
You block the leopard gecko's attack. Natasha claws you but does no damage.
The leopard gecko bites you but does no damage.
You miss the leopard gecko.
Your tail-slap misses the leopard gecko.
The leopard gecko is moderately wounded.
You hit Natasha but do no damage.
The leopard gecko bites you but does no damage.
Natasha stares at you and mumbles some strange words.
The magic dart hits you!
You die...

#<.......
#....w...
###.w######
.....g.###
.###...##
.. ###.w###
.# ##.rl#
h# ####h#
#.5l@#
#.#### #


You could see a worm (inner flame), Natasha (inner flame), a white imp
(summoned, inner flame), a leopard gecko (inner flame), a frilled lizard (inner
flame) and a rat (inner flame).

Vanquished Creatures
  4 leopard geckos (D:1)
  A giant cockroach (D:1)
  4 goblins (D:1)
  4 hobgoblins
  A ball python (D:1)
  A bat (D:1)
  3 frilled lizards (D:1)
  A kobold (D:1)
  4 rats (D:1)
23 creatures vanquished.

Notes
Turn   | Place    | Note
-------+----------+-------------------------------------------
     0 | D:1      | jlumianski the Palentonga Fighter began the quest for the
                  | Orb.
     0 | D:1      | Reached XP level 1. HP: 20/20 MP: 1/1
   138 | D:1      | Reached XP level 2. HP: 25/27 MP: 2/2
   329 | D:2      | Noticed Natasha
   650 | D:1      | You fall into a shaft and drop 1 floor!
   667 | D:2      | Killed from afar by Natasha

Illustrated notes

Levels and vault maps discovered:
D:1:      dpeg_arrival_tiny_f, layout_rooms, serial_aquarium,
          aquarium_bridge_straight [aquarium_subvault_bridge,
          aquarium_subvault_wall, aquarium_subvault_bridge,
          aquarium_subvault_wall], aquarium_window_fake, aquarium_window_1,
          aquarium_window_fake, aquarium_window_1, aquarium_view_2e,
          aquarium_view_2d, aquarium_balcony_3a, aquarium_pool_S
D:2:      minmay_chambers_of_ones, layout_rooms, corexii_shack,
          serial_bayou_pond_e, uniq_crazy_yiuf_cottage, uniq_jessica,
          uniq_natasha

Action                   || total
-------------------------++-------
Melee: War axe           ||    57
       Tailslap          ||     1
 Abil: Rolling Charge    ||     6
  Use: Scroll            ||     2
       Potion            ||     1
Armor: Scale mail        ||    47
Dodge: Dodged            ||    18
Block: Kite shield       ||    32
